 Dungeon Crawl Stone Soup version 0.31-a0-536-ga3e2962e35 (webtiles) character file.

Game seed: 13838049632122819126

232 Ethylacetat the Slasher (level 6, -7/42 HPs)
             Began as an Octopode Gladiator on Aug 13, 2023.
             Mangled by a gnoll bouda
             ... wielding a +0 whip
              (9 damage)
             ... on level 4 of the Dungeon.
             The game lasted 00:03:02 (2429 turns).

Ethylacetat the Slasher (Octopode Gladiator)        Turns: 2429, Time: 00:03:03

Health: -7/42      AC:  1    Str: 13    XL:     6   Next: 4%
Magic:  6/6        EV: 14    Int: 10    God:
Gold:   189        SH:  0    Dex: 16    Spells: 5/5 levels left

rFire   . . .        p - +4 quarterstaff (chaos)
rCold   . . .        (shield currently unavailable)
rNeg    . . .        b - +0 hat
rPois   .            (no amulet)
rElec   .            (no ring)
rCorr   .            (no ring)
SInv    .            (no ring)
Will    .....        (no ring)
Stlth   +++          (no ring)
HPRegen 0.27/turn    (no ring)
MPRegen 0.10/turn    (no ring)
                     (no ring)

%: no passive effects
@: weakened
A: almost no armour, amphibious, 8 rings, camouflage 1, gelatinous body 1,
(nimble swimmer 1), tentacles
a: no special abilities


You were on level 4 of the Dungeon.
You visited 1 branch of the dungeon, and saw 4 of its levels.

You collected 189 gold pieces.

Inventory:

Hand Weapons
 a - a +0 long sword
 p - a +4 quarterstaff of chaos (weapon)
Missiles
 c - 3 throwing nets (quivered)
 d - a javelin
Armour
 b - a +0 hat (worn)
Wands
 o - a wand of digging (3)
Scrolls
 e - a scroll of immolation {unknown}
 g - 3 scrolls of identify {unknown}
 h - 2 scrolls of vulnerability {unknown}
 j - a scroll of fog {unknown}
 k - 2 scrolls of blinking {unknown}
 m - a scroll of noise {unknown}
 q - a scroll of teleportation {unknown}
Potions
 f - 3 potions of mutation {unknown}
 i - 4 potions of attraction {unknown}
 l - 2 potions of haste {unknown}
 n - a potion of curing {unknown}


   Skills:
 + Level 3.2 Fighting
 + Level 4.0 Long Blades
 - Level 2.0 Throwing
 + Level 3.9 Dodging
 + Level 3.3 Stealth
 * Level 1.7 Shapeshifting


You had 5 spell levels left.
You didn't know any spells.
Your spell library was empty.

Dungeon Overview and Level Annotations

Branches:
Dungeon (4/15)
 Temple: D:4-7

Altars:
Elyvilon
Qazlal


Innate Abilities, Weirdness & Mutations

You cannot wear most types of armour.
You are amphibious.
You can wear up to eight rings at the same time.
Your skin changes colour to match your surroundings (Stealth+).
Your rubbery body absorbs attacks. (AC +1, EV +1)
((You are camouflaged when in or above water. (Stealth+)))
You have tentacles for arms and can constrict up to eight enemies at once.


Message History

Your hound zombie bites the gnoll.
You barely miss the gnoll. You grab the gnoll.
The gnoll is heavily wounded.
You constrict the gnoll. The gnoll barely misses you.
The gnoll bouda barks out a call to the hunt!
The gnolls pick up the pace!
The gnoll misses you.
Your hound zombie bites the gnoll but does no damage.
The gnoll misses you.
The gnoll hits your hound zombie with a +0 club!
You sock the gnoll! You freeze the gnoll.
You kill the gnoll!
Your hound zombie closely misses the gnoll bouda.
Your Long Blades skill increases to level 4!
You have reached level 6!
The gnoll hits you from afar with a +0 spear.
Your hound zombie bites the gnoll bouda but does no damage.
The gnoll hits you with a +0 flail!
* * * LOW HITPOINT WARNING * * *
Things that are here:
a +0 club; a gnoll corpse Your hound zombie bites the gnoll bouda.
Your hound zombie bites the gnoll.
You sock the gnoll bouda! Your grab misses the gnoll bouda.
You squeeze the gnoll bouda.
The gnoll bouda is severely wounded.
The gnoll bouda hits you with a +0 whip!
* * * LOW HITPOINT WARNING * * *
The gnoll barely misses you.
Your hound zombie bites the gnoll but does no damage.
Your hound zombie bites the gnoll bouda but does no damage.
Something hits your hound zombie!
Your hound zombie is destroyed!
You barely miss the gnoll bouda. You grab the gnoll bouda.
The gnoll bouda is severely wounded.
You constrict the gnoll bouda. The gnoll bouda closely misses you.
The gnoll bouda gazes fiercely through you!
You feel your attacks grow feeble.
The gnoll bouda hits you with a +0 whip!
You die...

###
#.##########################
#...........................
#.##########################
#.########### ...
#...........###### ###
#####.......#....### #
#......@#....... #
#......g#....... #
#......gg....... #
#.......)....... #
.######...........
...........###....
[....(.†...# ...
...........# ..
.........>... .


You could see a gnoll bouda and 2 gnolls.

Vanquished Creatures
  A hound (D:4)
  Crazy Yiuf (D:3)
  Terence (D:2)
  Natasha (twice) (D:3)
  2 gnolls (D:4)
  2 adders
  A worm (D:2)
  A dart slug (D:4)
  An orc (D:4)
  5 ball pythons
  10 endoplasms
  4 goblins
  2 hobgoblins
  6 jackals
  2 quokkas
  2 bats (D:1)
  2 frilled lizards
  6 kobolds
  6 rats
57 creatures vanquished.

Vanquished Creatures (others)
  A hound zombie (D:4)
1 creature vanquished.

Grand Total: 58 creatures vanquished

Notes
Turn   | Place    | Note
-------+----------+-------------------------------------------
     0 | D:1      | Ethylacetat the Octopode Gladiator began the quest for the
                  | Orb.
     0 | D:1      | Reached XP level 1. HP: 14/14 MP: 1/1
   228 | D:1      | Reached skill level 1 in Stealth
   228 | D:1      | Reached XP level 2. HP: 19/19 MP: 2/2
   819 | D:2      | Reached XP level 3. HP: 12/25 MP: 3/3
  1033 | D:2      | Found a white marble altar of Elyvilon.
  1048 | D:2      | Noticed Terence
  1056 | D:2      | Killed Terence
  1057 | D:2      | Reached XP level 4. HP: 14/30 MP: 4/4
  1763 | D:3      | Found a stormy altar of Qazlal.
  1788 | D:3      | Noticed Natasha
  1795 | D:3      | Killed Natasha
  1811 | D:3      | Noticed Natasha
  1818 | D:3      | Killed Natasha
  1819 | D:3      | Reached skill level 1 in Shapeshifting
  1819 | D:3      | Reached XP level 5. HP: 29/36 MP: 5/5
  2215 | D:3      | Found a runed translucent door.
  2216 | D:3      | Noticed Crazy Yiuf
  2224 | D:3      | Killed Crazy Yiuf
  2425 | D:4      | Reached skill level 4 in Long Blades
  2425 | D:4      | Reached XP level 6. HP: 26/42 MP: 6/6
  2427 | D:4      | HP: 1/42 [gnoll bouda/+0 whip (9)]
  2429 | D:4      | Mangled by a gnoll bouda

Illustrated notes

Levels and vault maps discovered:
D:1:      enne_arrival_octagon_isle, layout_basic
D:2:      layout_basic, basic_altar, minmay_door_square, uniq_terence
D:3:      layout_rooms, mainiacjoe_overflow_small_starburst, uniq_natasha,
          uniq_crazy_yiuf_cottage
D:4:      layout_basic

Skill      XL: |  1  2  3  4  5 |
---------------+----------------+-----
Stealth        | 1 2 3 |  3.3
Fighting       | 3 |  3.2
Shapeshifting  | 1 |  1.7
Long Blades    | 4 |  4.0
Throwing       | |  2.0
Dodging        | |  3.9

Action                     |  1- 3 |  4- 6 || total
---------------------------+-------+-------++-------
  Melee: Long sword        |    54 |    45 ||    99
         Tentacles         |     8 |    11 ||    19
         Constrict         |    13 |    23 ||    36
         Quarterstaff      |       |    17 ||    17
   Stab: Sleeping          |     7 |    10 ||    17
 Armour: Skin              |     5 |     2 ||     7
  Dodge: Dodged            |    39 |    44 ||    83
         Form:             |       |     1 ||     1
         Blade             |       |     1 ||     1

Table legend: (Time is in decaauts)
 A = Elapsed time spent in this place.
 B = Non-inter-level travel time spent in this place.
 C = Inter-level travel time spent in this place.
 D = Time resting spent in this place.
 E = Time spent auto-exploring this place.
 F = Levels seen in this place.
 G = Mean time per level.
                   A        B        C        D        E       F      G
               +--------+--------+--------+--------+--------+-----+--------+
         Total |   2455 |   2403 |     52 |      0 |   1998 |   4 |  613.8 |
       Dungeon |   2455 |   2403 |     52 |      0 |   1998 |   4 |  613.8 |
               +--------+--------+--------+--------+--------+-----+--------+

Top non-repeatable levels by time:
     D:1: 814 daAuts
     D:2: 785 daAuts
     D:3: 673 daAuts
     D:4: 182 daAuts
